 Dungeon Crawl Stone Soup version 0.31.0-1-g2c135a008e (webtiles) character file.

Game seed: 2166050365192324722

27 qw the Shooter (level 3, -1/28 HPs)
             Began as a Djinni Hunter on Jan 23, 2024.
             Slain by a gnoll
             ... wielding a +0 spear
              (4 damage)
             ... on level 2 of the Dungeon.
             The game lasted 00:00:02 (1110 turns).

qw the Shooter (Djinni Hunter)                      Turns: 1110, Time: 00:00:03

Health: -1/28      AC:  4    Str: 10    XL:     3   Next: 25%
Gold:   37         EV: 12    Int: 10    God:
                   SH:  0    Dex: 18

rFire   + + .        a - +0 shortbow
rCold   x . .        (shield currently unavailable)
rNeg    . . .        c - +0 leather armour
rPois   inf          (no helmet)
rElec   .            g - +0 cloak
rCorr   .            (no gloves)
SInv    .            (boots unavailable)
Will    .....        h - amulet of the acrobat
Stlth   ++           (no ring)
HPRegen 0.24/turn    (no ring)
MPRegen 0.00/turn

%: acrobat, infuse magic (-2 HP)
@: flying
A: sickness immunity, fire resistance 2, cold vulnerability 1, float, innate
caster, HP casting, extra vitality 1
a: no special abilities


You were on level 2 of the Dungeon.
You visited 1 branch of the dungeon, and saw 2 of its levels.

You collected 37 gold pieces.


Innate Abilities, Weirdness & Mutations

You are immune to sickness and miasma.
You are immune to poison.
Your flesh is very heat resistant. (rF++)
You are vulnerable to cold. (rC-)
You float through the air rather than walking.
You learn spells naturally, not from books.
Your magical power is your life essence.
You have superior vitality. (+4 MHP)


   Skills:
 + Level 2.0 Fighting
 - Level 4.1 Ranged Weapons
 - Level 2.1 Dodging
 - Level 0.7 Stealth


You knew the following spells:

 Your Spells              Type           Power      Damage    Failure   Level
a - Foxfire               Conj/Fire      0%         2x1d4     45%         1
Your spell library was empty.

Inventory:

Hand Weapons
 a - a +0 shortbow (weapon)
Armour
 c - a +0 leather armour (worn)
 g - a +0 cloak (worn)
Jewellery
 h - an amulet of the acrobat (around neck)
Potions
 j - a potion of curing {unknown}
 k - a potion of degeneration {unknown}

Dungeon Overview and Level Annotations

Branches:
Dungeon (2/15)

Altars:


Message History

The quokka closely misses you.
The gnoll hits you from afar with a +0 spear.
The gnoll completely misses you.
Your Ranged Weapons skill increases to level 4!
You have reached level 3!
Your experience leads to an increase in your attributes!
Increase (S)trength, (I)ntelligence, or (D)exterity?
You feel agile. x2
The power to cast Foxfire wells up from within.
Spell assigned to 'a'.
1105 ||| RETREEEEATING.
The quokka closely misses you. The gnoll closely misses you.
The gnoll misses you.
The quokka bites you but does no damage.
Things that are here:
a +0 whip; a gnoll corpse
1106 ||| RETREEEEATING.
The gnoll hits you with a +0 spear. The gnoll completely misses you.
The gnoll hits you from afar with a +0 spear.
The quokka attacks as it pursues you! The quokka completely misses you.
1107 ||| DRINKING potion of heal wounds.
You feel much better. The gnoll hits you with a +0 whip!
The gnoll hits you from afar with a +0 spear.
The quokka bites you but does no damage.
1108 ||| RETREEEEATING.
The rat squeaks loudly.
You hear a shout!
The gnoll completely misses you. The gnoll attacks as it pursues you!
The gnoll completely misses you.
1109 ||| RETREEEEATING.
The gnoll attacks as it pursues you! The gnoll closely misses you.
The quokka attacks as it pursues you! The quokka completely misses you.
The gnoll misses you.
You shoot an arrow. The arrow barely misses the gnoll.
The quokka bites you. The gnoll hits you with a +0 whip.
The gnoll barely misses you. x2
The quokka bites you but does no damage.
The gnoll hits you with a +0 whip!
The gnoll hits you from afar with a +0 spear.
You die...

#.......
#......
#.....#
#.....#
#.....#
#.....#
#...<.#
#.)grg#
#..gr@#
#######


You could see 3 gnolls, a quokka and a rat.

Vanquished Creatures
  2 gnolls
  3 endoplasms (D:1)
  2 quokkas (D:1)
  A rat (D:1)
8 creatures vanquished.

Notes
Turn   | Place    | Note
-------+----------+-------------------------------------------
     0 | D:1      | qw the Djinni Hunter began the quest for the Orb.
     0 | D:1      | Reached XP level 1. HP: 18/18 MP: 0/0
     0 | D:1      | 0 ||| qw: Version: 0.3-a-135-gb77e89d
     0 | D:1      | 0 ||| qw: Game counter: 959
     0 | D:1      | 0 ||| qw: Melee chars always use a shield: true
     0 | D:1      | 0 ||| qw: God list: Okawaru
     0 | D:1      | 0 ||| qw: Allow faded altars: false
     0 | D:1      | 0 ||| qw: Do Orc after clearing Dungeon:15 true
     0 | D:1      | 0 ||| qw: Do second Lair branch before Depths: true
     0 | D:1      | 0 ||| qw: Lair rune preference: random
     0 | D:1      | 0 ||| qw: Goals: Normal
     0 | D:1      | 0 ||| PLANNING D:1-11
    45 | D:1      | Found a faded altar of an unknown god.
   157 | D:1      | HP: 4/18 [gnoll/+0 whip (4)]
   159 | D:1      | Reached XP level 2. HP: 6/23 MP: 0/0
   804 | D:1      | 804 ||| UPGRADING to +0 cloak.
   809 | D:1      | 809 ||| UPGRADING to amulet of the acrobat.
   814 | D:1      | 814 ||| READING 2 scrolls labelled ZUWANE ALAETEE.
   815 | D:1      | 815 ||| READING scroll labelled POBAUM ZONEKH.
   916 | D:1      | 916 ||| DRINKING 3 murky red potions.
  1020 | D:1      | 1020 ||| DRINKING 2 bubbling red potions.
  1021 | D:1      | 1021 ||| DROPPING scroll of butterflies.
  1022 | D:1      | 1022 ||| DROPPING scroll of revelation.
  1023 | D:1      | 1023 ||| DROPPING 2 potions of berserk rage.
  1096 | D:2      | 1096 ||| RETREEEEATING.
  1099 | D:2      | 1099 ||| RETREEEEATING.
  1100 | D:2      | 1100 ||| RETREEEEATING.
  1101 | D:2      | 1101 ||| RETREEEEATING.
  1102 | D:2      | 1102 ||| RETREEEEATING.
  1105 | D:2      | Reached skill level 4 in Ranged Weapons
  1105 | D:2      | Reached XP level 3. HP: 10/28 MP: 0/0
  1105 | D:2      | Learned a level 1 spell: Foxfire
  1105 | D:2      | 1105 ||| RETREEEEATING.
  1106 | D:2      | 1106 ||| RETREEEEATING.
  1106 | D:2      | HP: 7/28 [gnoll/+0 spear (3)]
  1107 | D:2      | 1107 ||| DRINKING potion of heal wounds.
  1108 | D:2      | 1108 ||| RETREEEEATING.
  1109 | D:2      | 1109 ||| RETREEEEATING.
  1110 | D:2      | HP: 3/28 [gnoll/+0 whip (8)]
  1110 | D:2      | Slain by a gnoll

Levels and vault maps discovered:
D:1:      dpeg_arrival_tiny_i, layout_basic, shapermc_ecumenical_altar_venn
D:2:      layout_basic, kennysheep_small_spiral, uniq_sigmund

Skill      XL: |  1  2 |
---------------+-------+-----
Ranged Weapons | 4 |  4.1
Fighting       | |  2.0
Dodging        | |  2.1
Stealth        | |  0.7

Action                     || total
---------------------------++-------
   Fire: Shortbow          ||    27
    Use: Potion            ||     3
         Scroll            ||     2
 Armour: Leather armour    ||    20
  Dodge: Dodged            ||    21

Table legend:
 A = Non-vault XP
 B = Vault XP
 C = Vault XP percentage of total XP
 D = Non-vault monster count
 E = Vault monster count
 F = Vault count percentage of total count
                 A         B        C        D         E       F
            +---------+---------+-------+---------+---------+-------
      Total |      39 |       0 |   0.0 |       8 |       0 |   0.0
            +---------+---------+-------+---------+---------+-------
        D:1 |      25 |       0 |   0.0 |       7 |       0 |   0.0
        D:2 |      14 |       0 |   0.0 |       1 |       0 |   0.0
            +---------+---------+-------+---------+---------+-------
